 Dungeon Crawl Stone Soup version 0.30.1 (webtiles) character file.

Game seed: 15184012098805359150

42252 growler the Destroyer (level 13, -5/117 (118) HPs)
             Began as a Green Draconian Conjurer on July 8, 2023.
             Was an Initiate of Gozag.
             Slain by a dire elephant (31 damage)
             ... on level 4 of the Lair of Beasts on July 9, 2023.
             The game lasted 02:00:51 (27383 turns).

growler the Destroyer (Green Draconian Conjurer)   Turns: 27383, Time: 02:00:52

HP:   -5/117 (118)  AC: 12    Str: 14    XL:     13   Next: 84%
MP:   3/26          EV: 12    Int: 23    God:    Gozag
Gold: 3631          SH: 10    Dex:  9    Spells: 11/30 levels left

rFire   . . .        C - +4 rapier "Concordance" {vamp, Str+3}
rCold   . . .        B - +0 kite shield
rNeg    . . .        (body armour unavailable)
rPois   +            (helmet restricted)
rElec   .            k - +0 cloak
rCorr   .            (no gloves)
SInv    +            x - +2 pair of boots
Will    +....        K - amulet of magic regeneration
Stlth   ++           P - ring of willpower
HPRegen 0.39/turn    O - ring of see invisible
MPRegen 0.60/turn

%: no passive effects
@: very slightly contaminated, lightly drained
A: breathe noxious fumes, AC +8, unfitting armour, poison resistance,
cold-blooded
a: Breathe Noxious Fumes, Renounce Religion, Potion Petition, Call Merchant,
Bribe Branch


You were on level 4 of the Lair of Beasts.
You worshipped Gozag.
Gozag was most pleased with you.
You visited 3 branches of the dungeon, and saw 17 of its levels.

You collected 4367 gold pieces.
You paid 736 gold pieces to Gozag.

Inventory:

Hand Weapons
 C - the +4 rapier "Concordance" (weapon) {vamp, Str+3}
   (You found it on level 7 of the Dungeon)

   Str:       It affects your strength (+3).
Missiles
 G - a throwing net
Armour
 k - a +0 cloak (worn)
 x - a +2 pair of boots (worn)
 B - a +0 kite shield (worn)
 I - a +0 buckler
Jewellery
 E - a ring of positive energy
 K - an amulet of magic regeneration (around neck)
 O - a ring of see invisible (right hand)
 P - a ring of willpower (left hand)
Wands
 i - a wand of charming (9)
 j - a wand of light (12)
 q - a wand of iceblast (7)
 z - a wand of flame (8)
 F - a wand of digging (5)
 H - a wand of polymorph (14)
Scrolls
 b - 2 scrolls of enchant armour
 g - a scroll of blinking
 h - 2 scrolls of torment {unknown}
 p - 7 scrolls of teleportation
 u - a scroll of brand weapon
 v - 5 scrolls of amnesia
 w - 2 scrolls of fog
 y - a scroll of vulnerability
 A - 2 scrolls of butterflies
 J - 2 scrolls of silence
 M - 3 scrolls of noise
 Q - 3 scrolls of magic mapping
Potions
 a - a potion of magic
 c - 5 potions of attraction
 d - 12 potions of curing
 e - 6 potions of heal wounds
 f - 6 potions of lignification
 l - a potion of cancellation
 m - 7 potions of haste
 n - 6 potions of might
 o - a potion of ambrosia
 r - a potion of berserk rage
 s - a potion of resistance
 t - 4 potions of mutation
 D - 2 potions of invisibility
 L - 3 potions of flight
 N - 2 potions of brilliance


   Skills:
 + Level 12.2 Fighting
 - Level 6.0 Dodging
 - Level 1.7 Stealth
 - Level 10.0 Shields
 - Level 9.0 Spellcasting
 + Level 14.0 Conjurations
 + Level 8.5 Fire Magic


You had 11 spell levels left.
You knew the following spells:

 Your Spells              Type           Power      Damage    Failure   Level
a - Magic Dart            Conj           100%       1d8       1%          1
b - Searing Ray           Conj           100%       2d8       1%          2
c - Dazzling Flash        Conj/Hex       84%        N/A       2%          3
d - Fulminant Prism       Conj/Hex       21%        3d12      9%          4
e - Iskenderun's Mystic   Conj/Tloc      42%        2d10      9%          4
f - Fireball              Conj/Fire      29%        3d13      4%          5

Your spell library contained the following spells:

 Spells                   Type           Power      Damage    Failure   Level
 Foxfire                  Conj/Fire      100%       2x1d9     1%          1
 Iskenderun's Battlesphe  Conj           65%        2d11      1%          5
 Inner Flame              Hex/Fire       29%        N/A       8%          3
 Sting                    Tmut/Pois      40%        1d5       14%         1
 Summon Small Mammal      Summ           40%        N/A       14%         1
 Lesser Beckoning         Tloc           20%        N/A       22%         2
 Poisonous Vapours        Pois/Air       20%        N/A       22%         2
 Starburst                Conj/Fire      29%        6d9       22%         6
 Call Canine Familiar     Summ           10%        N/A       41%         3
 Gell's Gravitas          Tloc           10%        N/A       41%         3
 Ozocubu's Armour         Ice            10%        N/A       41%         3
 Summon Guardian Golem    Hex/Summ       10%        N/A       41%         3
 Teleport Other           Tloc           10%        N/A       41%         3
 Iron Shot                Conj/Erth      21%        9d5       77%         6
 Manifold Assault         Tloc           10%        N/A       82%         4
 Olgreb's Toxic Radiance  Pois           10%        N/A       82%         4
 Plasma Beam              Fire/Air       14%        2x1d28    98%         6
 Metabolic Englaciation   Hex/Ice        5%         N/A       99%         5
 Yara's Violent Unravell  Hex/Tmut       5%         3d4       99%         5
 Dispersal                Tloc           5%         N/A       100%        6
 Enfeeble                 Hex            5%         N/A       100%        7
 Malign Gateway           Summ/Tloc      5%         N/A       100%        7
 Spellforged Servitor     Conj/Summ      21%        N/A       100%        7
 Disjunction              Tloc           5%         N/A       100%        8
 Summon Horrible Things   Summ           5%         N/A       100%        8
 Simulacrum               Ice/Necr       Unusable   N/A       N/A         6

Dungeon Overview and Level Annotations

Branches:
Dungeon (11/15)            Temple (1/1) D:4            Lair (5/5) D:8
 Shoals (0/4) Lair:3        Snake (0/4) Lair:3        Slime (0/5) Lair:5
    Orc: D:9-12

Altars:
Ashenzari
Cheibriados
Dithmenos
Elyvilon
Fedhas
Gozag
Hepliaklqana
Kikubaaqudgha
Makhleb
Nemelex Xobeh
Okawaru
Qazlal
Ru
Sif Muna
Trog
Uskayaw
Vehumet
Wu Jian
Xom
Yredelemnul
Zin
The Shining One
Jiyva

Shops:
D:2 [   D:9 :

Annotations:
Lair:5 1 runed translucent door, howech's ghost, journeyman MiBe


Innate Abilities, Weirdness & Mutations

You can breathe blasts of noxious fumes.
Your lurid green scales are hard. (AC +8)
You cannot fit into any form of body armour.
Your system is resistant to poisons. (rPois)
You are cold-blooded and may be slowed by cold attacks.


Message History

Casting: Fireball (dangerous; 4% risk of failure)
Confirm with . or Enter, or press ? or * to list all spells.
Aiming: Fireball (dangerous; 4% risk of failure)
Press: ? - help, Shift-Dir - straight line, f/p - dire elephant
Aim: a dire elephant (moderately wounded)
The fireball explodes!
The fireball engulfs the dire elephant!
The dire elephant is heavily wounded.
Casting: Fireball (dangerous; 4% risk of failure)
Confirm with . or Enter, or press ? or * to list all spells.
You miscast Iskenderun's Mystic Blast.
You are very lightly contaminated with residual magic.
Energy rips through your body! You block the dire elephant's attack.
The dire elephant closely misses you.
Unknown command.
Casting: Iskenderun's Mystic Blast (dangerous; 9% risk of failure)
Confirm with . or Enter, or press ? or * to list all spells.
You erupt in a blast of force!
The mystic blast hits the dire elephant.
The dire elephant is heavily wounded.
The mystic blast hits the fungus!
The fungus begins to die.
The fungus is lightly damaged.
The dire elephant barely misses you. The dire elephant misses you.
The dire elephant attacks as you move away!
The dire elephant tramples you!!
* * * LOW HITPOINT WARNING * * *
The dire elephant closely misses you.
The dire elephant attacks as you move away!
You block the dire elephant's attack. The dire elephant trunk-slaps you.
* * * LOW HITPOINT WARNING * * *
Casting: Iskenderun's Mystic Blast (dangerous; 9% risk of failure)
Confirm with . or Enter, or press ? or * to list all spells.
You erupt in a blast of force!
The mystic blast hits the dire elephant!
The dire elephant is heavily wounded.
The dire elephant is knocked back by the mystic blast.
Unknown command.
The dire elephant attacks as you move away!
The dire elephant tramples you!!
You die...
Your body crumbles into a pile of gold.

###....#####..######...# #.^
##.....#.#P##...#.#.#..P#######..
.^..........................##...
............................#...#
###.##...P...#.#.##...##..#.....#
# ####...######..#.######.+......
######...## #.###.######.#8.....
.##P.#..#.####....#.#.....+......
...............Y@..........#....#
....................<...........#
#.###....#.....###..#.#.....#....
### #....###..## ######......#...
#####...####..#### ##.......#..
##..#...###......#####.........##
..............................>.#
........^........................
P.##............###...........##.


You could see a dire elephant.

Vanquished Creatures
  Josephine (D:11)
  A hydra (Lair:4)
  2 boulder beetles
  6 two-headed ogres
  A spectral anaconda (Lair:5)
  Pikel (D:5)
  2 oklob plants (Lair:5)
  A cyclops (D:11)
  11 elephants
  Maurice (D:9)
  7 black mambas
  13 cane toads
  Maggie (D:8)
  An unseen horror (D:10)
  A kobold demonologist (D:10)
  7 komodo dragons
  2 trolls
  A polar bear (Lair:4)
  3 hornets (D:8)
  Prince Ribbit (D:4)
  A spectral elephant (Lair:5)
  A snapping turtle (Lair:3)
  10 blink frogs
  Sigmund (D:6)
  A shadow (D:9)
  A vampire (D:10)
  3 wyverns
  3 basilisks
  5 wraiths
  55 yaks
  2 steam dragons
  2 death yak simulacra (Lair:5)
  3 nagas (Lair:3)
  An acid dragon (D:11)
  11 water moccasins
  5 black bears
  5 orc warriors
  2 sky beasts
  6 ice beasts
  2 ogres
  4 wolves (Lair:2)
  3 centaurs
  2 lemures (D:6)
  A phantom (D:7)
  2 kobold brigands (D:8)
  9 bullfrogs
  6 gnoll sergeants
  3 scorpions
  8 wights
  4 killer bees (D:8)
  4 electric eels
  3 howler monkeys (D:8)
  3 jellies
  Crazy Yiuf (D:2)
  3 hounds
  A gnoll bouda (D:8)
  9 orc priests
  Jessica (D:2)
  3 iguanas
  Natasha (thrice) (D:1)
  Terence (D:2)
  3 sleepcaps
  11 orc wizards
  4 hell rats (Lair:3)
  4 adders
  24 gnolls
  2 ufetubi
  2 worms
  3 dart slugs
  36 orcs
  7 endoplasms
  2 giant cockroaches
  4 goblins
  8 hobgoblins
  3 jackals (D:1)
  4 ball pythons
  3 bats
  5 frilled lizards
  9 kobolds
  4 rats
396 creatures vanquished.

Vanquished Creatures (others)
  68 fulminant prisms
68 creatures vanquished.

Grand Total: 464 creatures vanquished

Notes
Turn   | Place    | Note
-------+----------+-------------------------------------------
     0 | D:1      | growler the Draconian Conjurer began the quest for the Orb.
     0 | D:1      | Reached XP level 1. HP: 14/14 MP: 3/3
   502 | D:1      | Reached XP level 2. HP: 19/20 MP: 0/5
   505 | D:1      | Learned a level 2 spell: Searing Ray
  1122 | D:2      | Noticed Natasha
  1133 | D:1      | Killed Natasha
  1134 | D:1      | Reached XP level 3. HP: 15/26 MP: 1/7
  2046 | D:2      | Found Opim Qua's Armour Emporium.
  2130 | D:2      | Learned a level 3 spell: Dazzling Flash
  2418 | D:2      | Noticed Terence
  2430 | D:2      | Killed Terence
  2431 | D:2      | Reached skill level 5 in Conjurations
  2431 | D:2      | Reached XP level 4. HP: 32/33 MP: 0/8
  2439 | D:2      | Noticed Jessica
  2528 | D:2      | Found a runed translucent door.
  2529 | D:2      | Noticed Crazy Yiuf
  2537 | D:2      | Killed Crazy Yiuf
  2637 | D:2      | Killed Jessica
  2638 | D:2      | Reached XP level 5. HP: 38/38 MP: 5/10
  2684 | D:2      | Learned a level 4 spell: Fulminant Prism
  3154 | D:1      | Noticed Natasha
  3160 | D:1      | Killed Natasha
  3683 | D:1      | Noticed Natasha
  3689 | D:1      | Killed Natasha
  3880 | D:3      | Found a sparkling altar of Nemelex Xobeh.
  4033 | D:3      | Reached XP level 6. HP: 45/45 MP: 8/12
  4071 | D:3      | Found a faded altar of an unknown god.
  4417 | D:3      | Found a white marble altar of Elyvilon.
  4750 | D:4      | Reached skill level 6 in Conjurations
  4821 | D:4      | Learned a level 4 spell: Iskenderun's Mystic Blast
  5001 | D:4      | Found a staircase to the Ecumenical Temple.
  5027 | Temple   | Entered the Ecumenical Temple
  5198 | D:4      | Found a glowing silver altar of Zin.
  5198 | D:4      | Found a shimmering altar of Xom.
  5198 | D:4      | Found a broken altar of Ashenzari.
  5198 | D:4      | Found an opulent altar of Gozag.
  5206 | D:4      | Found a snail-covered altar of Cheibriados.
  5208 | D:4      | Became a worshipper of Gozag Ym Sagoz the Greedy
  5211 | D:4      | Found a blossoming altar of Fedhas.
  5945 | D:5      | Entered Level 5 of the Dungeon
  5945 | D:5      | Noticed Prince Ribbit
  5954 | D:4      | Killed Prince Ribbit
  5955 | D:4      | Reached skill level 5 in Spellcasting
  5955 | D:4      | Reached skill level 7 in Conjurations
  5955 | D:4      | Your scales start taking on a lurid green colour.
  5955 | D:4      | Reached XP level 7. HP: 33/50 MP: 3/14
  5955 | D:4      | Gained mutation: Your system is resistant to poisons.
                  | (rPois) [Green Draconian growth]
  6331 | D:5      | Reached skill level 8 in Conjurations
  6652 | D:5      | HP: 1/50 [ice beast (14)]
  6655 | D:5      | Reached XP level 8. HP: 2/57 MP: 5/15
  6865 | D:5      | Reached skill level 9 in Conjurations
  7302 | D:5      | Found a burning altar of Makhleb.
  7485 | D:6      | Found a shadowy altar of Dithmenos.
  7768 | D:6      | Reached skill level 10 in Conjurations
  7972 | D:6      | Noticed Pikel
  8069 | D:5      | Killed Pikel
  8070 | D:5      | Reached XP level 9. HP: 28/62 MP: 2/18
  8191 | D:5      | Learned a level 5 spell: Fireball
  8394 | D:6      | Noticed Sigmund
  8552 | D:6      | Killed Sigmund
  8553 | D:6      | Reached skill level 1 in Fire Magic
  8621 | D:6      | Found a glowing golden altar of the Shining One.
  9202 | D:7      | Noticed a two-headed ogre
  9574 | D:7      | Killed a two-headed ogre
  9575 | D:7      | Reached skill level 11 in Conjurations
  9801 | D:7      | Identified the +4 rapier "Concordance" {vamp, Str+3}
 10193 | D:7      | Reached skill level 5 in Fire Magic
 10913 | D:8      | Reached XP level 10. HP: 56/69 MP: 4/20
 10942 | D:8      | Noticed a two-headed ogre
 11061 | D:8      | Noticed a two-headed ogre
 11065 | D:7      | Killed a two-headed ogre
 11066 | D:7      | Reached skill level 12 in Conjurations
 11344 | D:8      | Paralysed by a hornet for 1 turns
 11643 | D:8      | Reached skill level 1 in Fighting
 11799 | D:8      | Reached skill level 1 in Shields
 12648 | D:8      | Noticed Maggie
 12658 | D:8      | Killed Maggie
 12993 | D:8      | Noticed a two-headed ogre
 14323 | D:8      | Killed a two-headed ogre
 14324 | D:8      | Reached XP level 11. HP: 85/85 MP: 4/21
 14422 | D:8      | Killed a two-headed ogre
 14423 | D:8      | Reached skill level 5 in Fighting
 14941 | D:8      | Found a staircase to the Lair.
 14954 | D:8      | Found a sacrificial altar of Ru.
 15072 | D:8      | Found a hide-covered altar of Uskayaw.
 15199 | D:9      | Reached skill level 5 in Dodging
 15247 | D:9      | Reached skill level 5 in Shields
 15624 | D:9      | Found a bloodstained altar of Trog.
 15657 | D:9      | Found a radiant altar of Vehumet.
 15671 | D:9      | Found Founiuxt's Tiny Tomes.
 15988 | D:10     | Entered Level 10 of the Dungeon
 16138 | D:10     | Noticed Maurice
 16493 | D:9      | Killed Maurice
 17616 | D:11     | Noticed a two-headed ogre
 17619 | D:11     | Killed a two-headed ogre
 17644 | D:11     | Noticed a boulder beetle
 17648 | D:11     | Noticed a two-headed ogre
 17781 | D:11     | Killed a two-headed ogre
 17891 | D:11     | Killed a boulder beetle
 18115 | D:11     | Noticed a boulder beetle
 18452 | D:11     | Reached XP level 12. HP: 103/103 MP: 3/22
 18453 | D:11     | Noticed Josephine
 18521 | D:11     | Killed Josephine
 19427 | Lair:1   | Entered Level 1 of the Lair of Beasts
 19693 | Lair:1   | Found an iron altar of Okawaru.
 20820 | Lair:1   | Noticed a boulder beetle
 20859 | Lair:1   | Killed a boulder beetle
 21349 | Lair:1   | Reached skill level 10 in Fighting
 22139 | Lair:2   | Identified the +6 spear "Utyheen" {flame, rC+ rN+ Will+
                  | Dex+2}
 23164 | Lair:3   | Found a staircase to the Snake Pit.
 23304 | Lair:3   | Reached XP level 13. HP: 114/114 MP: 25/25
 23588 | Lair:3   | Found a staircase to the Shoals.
 23965 | Lair:3   | Reached skill level 13 in Conjurations
 24514 | Lair:4   | Reached skill level 10 in Shields
 25203 | Lair:5   | Entered Level 5 of the Lair of Beasts
 26511 | Lair:5   | Noticed a dire elephant
 26749 | Lair:5   | Found a runed translucent door.
 26750 | Lair:5   | Noticed howech's ghost (journeyman MiBe)
 26852 | Lair:5   | Found a staircase to the Slime Pits.
 26853 | Lair:5   | Found a viscous altar of Jiyva.
 27264 | Lair:5   | Noticed a dire elephant
 27296 | Lair:5   | Identified the ring "Lydoli" {rPois rF- Dex+4}
 27304 | Lair:5   | Reached skill level 14 in Conjurations
 27383 | Lair:4   | Slain by a dire elephant

Illustrated notes

Levels and vault maps discovered:
D:1:      dpeg_arrival_orchard, layout_basic, dreamdust_princess_bridge,
          chequers_serial_rivers_large_b
D:2:      layout_rooms, serial_shops, shop, uniq_jessica,
          uniq_crazy_yiuf_cottage, uniq_terence, uniq_natasha
D:3:      layout_basic, nicolae_elyvilon_temple_path, lemuel_tele_altar,
          ebering_ecumenical_altar_abandoned
D:4:      layout_basic, minmay_overflow_temple_hex,
          minmay_temple_entry_antechambers, minmay_crystal_water,
          minmay_crystal_room
D:5:      layout_rooms, mainiacjoe_overflow_tiny_flanked, uniq_prince_ribbit1
D:6:      layout_gridville, mainiacjoe_overflow_24_doors, kennysheep_mini_moat,
          minmay_misc_feat_roman, uniq_sigmund, uniq_pikel
D:7:      layout_loops_ring
D:8:      minmay_quarter_circles, layout_basic, mainiacjoe_overflow_alcove_1,
          nicolae_ru_the_path_less_chosen, uniq_maggie
D:9:      layout_loops_ring, mainiacjoe_overflow_boulevard, trog_book,
          nicolae_shop_i_like_small_books_too
D:10:     layout_long_grid, dk_vineyard_1, uniq_maurice
D:11:     layout_gridville, uniq_josephine
Temple:   nicolae_temple_ecumenical_triangle
Lair:1:   layout_concentric_octagons, basic_altar
Lair:2:   layout_chaotic_city
Lair:3:   layout_roguey, minmay_shoals_entry_hut,
          minmay_snake_entry_guardpost_small
Lair:4:   layout_small_grid, grunt_megastairs_5
Lair:5:   due_jungle_book, layout_cave_shapes, minmay_slime_entry_oklob_open,
          gammafunk_ghost_grave, dpeg_oklob_1, infiniplex_staircase_pool

Skill      XL: |  1  2  3  4  5  6  7  8  9 10 11 12 13 |
---------------+----------------------------------------+-----
Spellcasting   | 3 4 5 6 7 8 9 |  9.0
Conjurations   | 5 7 8 10 11 12 14 | 14.0
Fire Magic     | 5 7 8 |  8.5
Dodging        | 4 6 |  6.0
Fighting       | 4 8 10 12 | 12.2
Shields        | 4 7 9 10 | 10.0
Stealth        | |  1.7

Action                     |  1- 3 |  4- 6 |  7- 9 | 10-12 | 13-15 || total
---------------------------+-------+-------+-------+-------+-------++-------
  Melee: Dagger            |    10 |     1 |    65 |       |       ||    76
         Unarmed           |     2 |       |       |       |       ||     2
         Tailslap          |     2 |       |     3 |    51 |    30 ||    86
         Rapier            |       |       |     1 |   320 |   116 ||   437
         Punch             |       |       |       |     1 |       ||     1
   Cast: Magic Dart        |    64 |    76 |   141 |   177 |    63 ||   521
         Searing Ray       |     1 |     6 |     9 |     1 |     1 ||    18
         Iskenderun's Myst |       |     1 |    28 |   125 |    84 ||   238
         Fulminant Prism   |       |       |    20 |    43 |     5 ||    68
         Fireball          |       |       |       |   121 |    59 ||   180
 Invoke: Potion Petition   |       |       |       |     1 |       ||     1
Ability: Breathe Noxious F |       |       |     6 |    15 |     1 ||    22
  Evoke: Wand              |       |       |       |     8 |     1 ||     9
    Use: Scroll            |       |       |     8 |    17 |     5 ||    30
         Potion            |       |       |       |     1 |       ||     1
   Stab: Distracted        |       |       |     1 |       |       ||     1
         Invisible         |       |       |       |     1 |       ||     1
         Sleeping          |       |       |       |     1 |       ||     1
 Armour: Skin              |     9 |     4 |    46 |   162 |   105 ||   326
  Dodge: Dodged            |    21 |     7 |    68 |   207 |   147 ||   450
  Block: Buckler           |       |       |       |     7 |       ||     7
         Kite shield       |       |       |       |   185 |   131 ||   316
